Map: Ascension to Aiur LE

Players

Majestic - Winner!

  • Race: Protoss Protoss
  • Spawn Location: 11:00

SouLeer (souL)

  • Race: Zerg Zerg
  • Spawn Location: 5:00

Event: WCS Valencia 2017

VOD

Have the link to the VOD?

Description

Time

  • Played on: July 13, 2017, 10:16 a.m.
  • Length: 11:54

All games in this series

Show
View Real Time Build Order
Export as new Build Order

Majestic Protoss - Winner!

Build Orders: 1 Gate Expand, Zealot Archon, Dark Templar Rush 

Get SALT Encoding   

  12  0:01  Probe (Chrono Boost)  
  13  0:11  Probe (Chrono Boost)  
  14  0:17  Pylon  
  14  0:22  Probe (Chrono Boost)  
  16  0:36  Probe (Chrono Boost)  
  16  0:38  Gateway  
  16  0:46  Probe (Chrono Boost), Assimilator  
  17  0:57  Probe (Chrono Boost)  
  18  1:07  Probe (Chrono Boost)  
  19  1:12  Pylon  
  19  1:18  Probe (Chrono Boost)  
  20  1:25  Nexus  
  20  1:36  Cybernetics Core  
  20  1:41  Probe (Chrono Boost)  
  20  1:45  Assimilator  
  21  1:51  Probe (Chrono Boost)  
  22  1:54  Pylon  
  22  2:02  Probe (Chrono Boost)  
  23  2:12  Probe (Chrono Boost), Warp Gate, Adept (Chrono Boost)  
  26  2:25  Mothership Core (Chrono Boost)  
  26  2:27  Pylon  
  28  2:37  Probe (Chrono Boost)  
  28  2:40  Sentry  
  28  2:42  Pylon  
  32  2:44  Probe (Chrono Boost)  
  32  2:48  Probe (Chrono Boost)  
  33  2:55  Probe (Chrono Boost)  
  33  2:57  Twilight Council  
  35  2:58  Probe (Chrono Boost)  
  35  3:05  Probe (Chrono Boost)  
  36  3:08  Gateway  
  36  3:09  Probe (Chrono Boost)  
  37  3:16  Probe (Chrono Boost)  
  37  3:19  Probe (Chrono Boost)  
  39  3:26  Probe (Chrono Boost)  
  40  3:28  Assimilator  
  40  3:30  Probe (Chrono Boost)  
  40  3:32  Robotics Facility  
  41  3:37  Probe (Chrono Boost)  
  41  3:39  Pylon  
  41  3:40  Probe (Chrono Boost)  
  43  3:47  Probe (Chrono Boost)  
  44  3:51  Probe (Chrono Boost), Pylon  
  44  3:53  Assimilator  
  45  3:57  Dark Shrine  
  45  3:58  Probe (Chrono Boost)  
  45  4:01  Probe (Chrono Boost)  
  47  4:08  Probe (Chrono Boost), Gateway  
  48  4:11  Probe (Chrono Boost)  
  48  4:12  Gateway  
  49  4:19  Probe (Chrono Boost)  
  49  4:21  Probe  
  49  4:22  Warp Prism (Chrono Boost)  
  53  4:31  Probe x2  
  54  4:33  Charge (Chrono Boost)  
  55  4:42  Probe, Pylon  
  55  4:43  Probe  
  55  4:44  Adept  
  59  4:46  Pylon  
  59  4:52  Probe  
  59  4:55  Probe  
  61  5:03  Nexus  
  61  5:05  Pylon  
  61  5:07  Probe  
  61  5:08  Probe  
  61  5:13  Observer (Chrono Boost), Forge  
  64  5:27  Dark Templar, Stalker  
  64  5:29  Dark Templar x4  
  64  5:30  Probe x2  
  64  5:35  Pylon  
  74  5:36  Warp Prism  
  74  5:37  Pylon  
  76  5:56  Protoss Ground Weapons Level 1 (Chrono Boost)  
  76  6:00  Archon  
  76  6:01  Archon  
  76  6:02  Dark Templar x4  
  76  6:03  Probe x2  
  86  6:11  Gateway  
  86  6:12  Gateway, Archon x2  
  86  6:16  Probe  
  86  6:17  Probe  
  86  6:18  Probe  
  89  6:30  Probe  
  87  6:34  Sentry  
  87  6:35  Sentry  
  87  6:38  Probe  
  87  6:44  Immortal  
  87  6:50  Zealot x2  
  95  6:55  Gateway x2  
  95  6:59  Gateway  
  95  7:01  Gateway  
  95  7:03  Zealot  
  95  7:04  Photon Cannon  
  95  7:05  Pylon  
  97  7:09  Zealot x3  
  97  7:11  Templar Archives  
  97  7:14  Zealot x2  
  107  7:17  Probe  
  107  7:18  Probe  
  107  7:19  Pylon  
  109  7:22  Assimilator  
  109  7:25  Zealot  
  109  7:26  Assimilator  
  109  7:35  Zealot  
  109  7:36  Zealot x4  
  115  7:38  Immortal  
  115  7:40  Probe  
  115  7:42  Protoss Shields Level 1 (Chrono Boost)  
  118  7:45  Probe  
  118  7:46  Probe  
  118  7:52  Probe  
  118  7:55  Probe  
  118  7:57  Psionic Storm  
  112  7:58  Probe  
  112  8:01  High Templar x3  
  112  8:04  Probe  
  112  8:07  Photon Cannon  
  112  8:12  Warp Prism  
  112  8:16  Robotics Facility  
  114  8:29  Zealot x3  
  114  8:31  High Templar  
  114  8:33  High Templar  
  122  8:34  Zealot  
  122  8:39  Sentry  
  122  8:40  Zealot x3  
  127  8:43  Probe  
  127  8:45  Probe x2  
  120  8:50  Zealot  
  120  8:51  Zealot  
  120  8:53  Zealot  
  114  8:57  Archon  
  114  8:58  Zealot  
  114  9:01  Zealot x3  
  114  9:02  Immortal  
  104  9:03  Zealot x2  
  105  9:11  Probe  
  98  9:17  Zealot x4  
  98  9:19  Mothership Core  
  98  9:20  High Templar  
  98  9:21  High Templar  
  112  9:26  High Templar  
  112  9:27  Zealot x3  
  110  9:35  Protoss Ground Weapons Level 2 (Chrono Boost)  
  110  9:36  Immortal  
  110  9:37  Zealot  
  110  9:38  Zealot  
  114  9:39  Zealot  
  114  9:41  Zealot  
  118  9:51  Zealot x2  
  118  9:52  Zealot  
  124  9:56  Sentry  
  124  9:58  Probe  
  124  9:59  Probe x2  
  129  10:02  Pylon  
  129  10:03  Pylon  
  123  10:12  Nexus  
  123  10:14  Pylon  
  123  10:15  Zealot  
  123  10:21  Dark Templar x2  
  121  10:33  High Templar x3  
  127  10:36  Zealot, High Templar  
  127  10:37  Zealot x2  
  127  10:39  Pylon  
  127  10:40  Archon x2  
  127  10:42  Warp Prism  
  135  10:49  Zealot  
  139  10:55  Robotics Facility  
  139  10:58  Photon Cannon x2  
  139  11:02  Photon Cannon  
  139  11:05  Zealot  
  139  11:10  Pylon  
  137  11:18  Zealot x3  
  137  11:19  High Templar x2  
  145  11:26  Zealot x2  
  145  11:28  Zealot  
  145  11:30  Archon  
  145  11:31  Zealot  
  153  11:35  High Templar  
  149  11:48  Archon  
  149  11:49  Zealot x3  
  149  11:50  Zealot x3  
  149  11:52  Archon  
Show
View Real Time Build Order
Export as new Build Order

SouLeer Zerg 

Build Orders: Hatch First 

Get SALT Encoding   

  12  0:00  Drone  
  13  0:13  Overlord  
  13  0:17  Drone  
  14  0:31  Drone x2  
  16  0:36  Drone  
  17  0:52  Hatchery  
  16  0:57  Drone  
  16  0:58  Drone  
  18  1:10  Extractor  
  17  1:16  Spawning Pool  
  17  1:17  Drone  
  17  1:21  Drone  
  18  1:29  Drone  
  19  1:39  Overlord  
  19  1:50  Drone  
  20  2:01  Drone  
  21  2:02  Queen  
  21  2:03  Queen  
  21  2:04  Drone  
  26  2:12  Metabolic Boost  
  26  2:13  Drone  
  27  2:18  Drone  
  28  2:29  Zergling x4  
  30  2:34  Zergling x2  
  31  2:37  Zergling x2  
  32  2:44  Drone  
  33  2:53  Drone  
  33  2:54  Drone  
  35  2:58  Overlord  
  35  3:07  Drone  
  35  3:12  Hatchery  
  35  3:13  Drone  
  35  3:16  Overlord  
  35  3:19  Overlord  
  35  3:20  Drone x3  
  35  3:21  Drone  
  35  3:24  Drone  
  40  3:28  Queen  
  40  3:32  Spore Crawler  
  40  3:33  Overlord  
  41  3:36  Drone  
  41  3:40  Drone  
  43  3:43  Extractor  
  43  3:45  Drone x2  
  43  3:46  Drone  
  43  3:48  Drone x3  
  48  3:53  Drone x2  
  48  3:55  Spore Crawler  
  49  4:00  Overlord  
  49  4:02  Extractor  
  48  4:03  Drone  
  48  4:05  Queen  
  51  4:10  Drone  
  51  4:14  Overlord  
  52  4:17  Lair  
  52  4:19  Drone  
  52  4:21  Drone  
  54  4:25  Overlord  
  54  4:27  Drone  
  54  4:29  Overlord  
  55  4:33  Drone  
  55  4:34  Overlord  
  56  4:42  Baneling Nest  
  56  4:44  Drone x3  
  58  4:46  Spore Crawler  
  58  4:47  Drone  
  58  4:49  Drone  
  58  4:52  Overlord  
  59  4:56  Drone  
  59  4:57  Drone x2  
  59  4:59  Drone  
  62  5:02  Zergling x4  
  62  5:04  Zergling x2  
  65  5:09  Zergling x2  
  66  5:15  Zergling x10, Hydralisk Den  
  66  5:18  Zergling x4  
  72  5:22  Zergling x2  
  72  5:23  Overlord  
  72  5:25  Zergling x2  
  72  5:26  Zergling x4  
  76  5:29  Zergling x4  
  76  5:33  Overseer  
  78  5:37  Zergling x6  
  78  5:41  Overlord  
  81  5:51  Hydralisk x4  
  81  5:52  Hydralisk x2  
  81  5:56  Hydralisk  
  81  5:57  Hydralisk  
  93  6:01  Muscular Augments  
  93  6:02  Hydralisk  
  99  6:05  Hydralisk  
  99  6:09  Hydralisk  
  103  6:15  Hydralisk  
  105  6:19  Zergling x12  
  105  6:21  Hydralisk  
  105  6:24  Overlord  
  112  6:27  Overlord  
  107  6:33  Hydralisk x2  
  107  6:39  Zergling x10  
  100  6:41  Zergling x2  
  100  6:45  Hydralisk  
  93  6:48  Zergling x4  
  93  6:52  Zergling x6  
  98  6:54  Hydralisk  
  98  6:56  Zergling x2  
  98  7:00  Hydralisk  
  103  7:04  Baneling  
  103  7:05  Baneling x3  
  103  7:06  Zergling x2  
  104  7:09  Baneling  
  104  7:11  Zergling x2  
  104  7:13  Zergling x14  
  112  7:17  Hydralisk  
  112  7:19  Zergling x8  
  112  7:21  Baneling x2  
  118  7:26  Zergling x2  
  118  7:29  Zergling x2  
  115  7:32  Hydralisk  
  115  7:34  Hydralisk  
  109  7:41  Hydralisk  
  109  7:43  Zergling x4  
  109  7:44  Zergling x10  
  110  7:49  Zergling x8  
  109  7:55  Hydralisk  
  108  7:59  Zergling x4  
  108  8:03  Zergling x2  
  109  8:07  Zergling x2  
  109  8:10  Zergling x2  
  109  8:11  Zergling x6  
  114  8:16  Hydralisk x2  
  114  8:19  Baneling x3  
  118  8:22  Zergling x2  
  119  8:27  Zergling x2  
  119  8:28  Hydralisk  
  119  8:31  Zergling x2  
  119  8:33  Hydralisk  
  124  8:37  Zergling x6  
  124  8:38  Zergling x4  
  122  8:43  Zergling x8  
  120  8:50  Zergling x2  
  120  8:51  Zergling x2  
  112  8:56  Hydralisk  
  112  8:58  Hydralisk  
  112  9:01  Zergling x4  
  112  9:02  Zergling x6  
  109  9:05  Hydralisk x3  
  109  9:07  Hydralisk  
  104  9:10  Zergling x2  
  104  9:11  Zergling x2  
  104  9:14  Zergling x4  
  99  9:17  Hydralisk  
  101  9:24  Hydralisk  
  101  9:25  Hydralisk  
  101  9:30  Zergling x2  
  106  9:34  Zergling x12  
  106  9:36  Zergling x6  
  115  9:41  Hydralisk  
  115  9:42  Hydralisk  
  107  9:46  Zergling x2  
  107  9:48  Hydralisk  
  107  9:49  Hydralisk  
  109  9:56  Hydralisk  
  109  9:59  Zergling x6  
  113  10:01  Hydralisk  
  113  10:04  Zergling x2  
  113  10:05  Zergling x2  
  103  10:07  Hydralisk  
  103  10:12  Extractor  
  103  10:13  Hydralisk  
  106  10:17  Zergling x6  
  106  10:19  Zergling x4  
  110  10:23  Hydralisk  
  110  10:26  Zergling x2  
  110  10:28  Hydralisk  
  106  10:30  Zergling x4  
  106  10:32  Zergling x2  
  105  10:39  Zergling x6  
  105  10:40  Hydralisk  
  108  10:44  Overseer  
  108  10:45  Hydralisk  
  108  10:48  Drone  
  111  10:50  Zergling x2  
  111  10:56  Drone  
  113  11:04  Hatchery  
  113  11:05  Zergling x2  
  113  11:07  Zergling x4  
  111  11:12  Zergling x4  
  111  11:16  Zergling x4  
  105  11:20  Zergling x6  
  105  11:23  Hydralisk x3  
  114  11:28  Zergling x6  
  114  11:32  Zergling x6  
Tags
 
Add a new tag
Caveats
  • Supply blocks, unpowered buildings, or Contaminate may cause inaccurate times.
  • Supply counts are checked every 10 seconds.